Map: Catalyst LE

Players

proxyimba - Winner!

  • Race: Terran Terran
  • League: Grandmaster
  • Spawn Location: 5:00

IIIIIIIIIIII

  • Race: Terran Terran
  • League: Master
  • Spawn Location: 11:00

VOD

Have the link to the VOD?

Description

Time

  • Played on: June 18, 2018, 8:28 a.m.
  • Length: 8:49
Show
View Real Time Build Order
Export as new Build Order

proxyimba Terran - Winner!

Build Orders: Cyclone Opening, MMM Bio 

Get SALT Encoding   

  12  0:00  SCV  
  13  0:13  SCV  
  14  0:17  Supply Depot  
  14  0:28  SCV  
  15  0:30  Refinery  
  15  0:40  SCV  
  16  0:46  Barracks  
  16  0:54  SCV  
  17  1:04  Barracks  
  17  1:08  SCV  
  18  1:15  Refinery  
  18  1:24  SCV  
  20  1:32  Reaper  
  20  1:36  Orbital Command  
  20  1:45  Supply Depot  
  20  1:54  Reaper  
  21  2:07  Reaper  
  22  2:15  Factory  
  22  2:16  SCV  
  23  2:26  Reaper  
  23  2:28  SCV  
  25  2:39  Reaper  
  25  2:40  SCV  
  25  2:42  Supply Depot  
  27  2:53  SCV  
  27  2:58  Cyclone  
  31  3:04  Reaper  
  32  3:24  SCV  
  32  3:25  Command Center  
  33  3:32  Reaper  
  33  3:33  Cyclone  
  37  3:36  Supply Depot  
  36  3:53  SCV  
  36  3:59  Engineering Bay  
  36  4:00  Barracks  
  35  4:17  SCV  
  35  4:21  Barracks Tech Lab  
  35  4:22  Barracks Reactor, Factory Tech Lab  
  35  4:26  Terran Infantry Weapons Level 1  
  35  4:31  SCV  
  36  4:37  Orbital Command  
  36  4:40  Stimpack  
  35  4:55  SCV  
  35  4:59  Barracks Reactor, Siege Tank  
  37  5:02  SCV  
  38  5:07  SCV  
  38  5:10  Starport, Marine x3  
  42  5:14  SCV  
  42  5:19  SCV  
  44  5:30  SCV  
  44  5:31  Marine x3  
  48  5:35  Refinery  
  48  5:36  Marine x2  
  48  5:37  Supply Depot  
  48  5:38  Siege Tank  
  48  5:39  SCV  
  48  5:42  SCV  
  55  5:48  Refinery  
  55  5:51  SCV  
  55  5:53  Medivac  
  55  5:54  SCV  
  59  5:59  Marine x2  
  59  6:00  Marine x3  
  59  6:03  SCV  
  65  6:06  SCV  
  66  6:15  SCV  
  66  6:17  Siege Tank  
  70  6:22  Supply Depot  
  70  6:23  Marine x2, SCV  
  73  6:29  Starport Reactor  
  73  6:32  SCV  
  74  6:41  Combat Shields  
  74  6:51  Marine x2  
  68  6:56  Marine x3  
  71  7:04  SCV  
  71  7:06  SCV  
  73  7:09  Marine x2  
  73  7:11  Barracks  
  73  7:14  Barracks, Marine x2  
  73  7:15  Marine  
  76  7:16  Siege Tank, SCV  
  80  7:29  Marine x2  
  82  7:32  Marine  
  82  7:36  Marine x2  
  83  7:42  Command Center  
  75  7:45  Medivac x2  
  75  7:46  Marine  
  75  7:47  Marine, SCV  
  75  7:49  Marine  
  83  7:53  Marine  
  83  7:55  Marine  
  85  8:01  Siege Tank  
  85  8:02  Barracks Reactor x2  
  85  8:04  Marine x2  
  90  8:07  Marine  
  91  8:13  Marine x2  
  91  8:17  Supply Depot x2  
  93  8:22  Marine  
  94  8:27  Marine  
  94  8:28  Marine  
  94  8:30  Marine  
  94  8:33  SCV  
Show
View Real Time Build Order
Export as new Build Order

IIIIIIIIIIII Terran 

Build Orders: Cyclone Opening, Reaper Expand 

Get SALT Encoding   

  12  0:00  SCV  
  13  0:13  SCV  
  14  0:17  Supply Depot  
  14  0:25  SCV  
  15  0:39  SCV  
  15  0:40  Barracks  
  16  0:44  Refinery  
  16  0:51  SCV  
  17  1:03  SCV  
  18  1:15  SCV  
  19  1:28  Orbital Command, Reaper  
  20  1:47  Command Center  
  20  1:53  SCV  
  21  1:56  Supply Depot  
  21  2:00  Marine  
  22  2:05  SCV  
  23  2:10  Factory  
  23  2:18  SCV  
  23  2:19  Refinery  
  24  2:23  Barracks Reactor  
  24  2:30  SCV  
  25  2:42  SCV  
  26  2:54  Cyclone, SCV  
  30  2:58  Orbital Command  
  30  3:00  Marine x2  
  32  3:06  SCV  
  32  3:10  Starport  
  29  3:24  SCV  
  29  3:25  Marine x2  
  30  3:28  SCV  
  30  3:34  Cyclone  
  34  3:36  SCV  
  35  3:42  SCV  
  35  3:48  SCV  
  35  3:49  Marine x2  
  35  3:54  SCV  
  40  3:57  Viking  
  40  4:00  SCV  
  41  4:06  SCV  
  39  4:12  SCV  
  39  4:18  SCV  
  39  4:21  Marine x2, Supply Depot  
  42  4:24  Cyclone  
  45  4:41  SCV  
  45  4:42  Starport Reactor, Marine x2  
  45  4:44  SCV  
  49  4:47  Supply Depot  
  49  4:56  SCV  
  48  5:01  Factory Tech Lab  
  48  5:04  SCV  
  49  5:07  Command Center  
  49  5:11  SCV  
  50  5:14  Supply Depot  
  50  5:15  Barracks Tech Lab  
  50  5:16  SCV  
  51  5:21  Siege Tank  
  51  5:24  SCV  
  51  5:25  Refinery  
  51  5:27  Refinery  
  51  5:28  Starport Reactor, SCV  
  56  5:33  Marine  
  56  5:34  Stimpack  
  57  5:36  SCV  
  57  5:40  SCV  
  59  5:43  Engineering Bay  
  59  5:44  Engineering Bay  
  59  5:48  SCV  
  60  5:52  Marine, SCV  
  62  5:58  Barracks  
  62  6:00  Barracks  
  62  6:01  SCV  
  63  6:04  SCV  
  64  6:12  Terran Infantry Weapons Level 1, Terran Infantry Armor Level 1  
  64  6:13  Marine  
  64  6:14  Siege Tank  
  64  6:15  SCV  
  64  6:18  SCV  
  70  6:21  Medivac  
  70  6:24  Orbital Command  
  72  6:27  SCV  
  72  6:30  Medivac  
  72  6:32  SCV  
  76  6:37  Supply Depot  
  77  6:40  SCV  
  75  6:51  Marine x4  
  75  6:52  Siege Tank  
  68  6:55  SCV x2  
  68  7:00  Marine  
  71  7:01  Medivac x2  
  71  7:07  Barracks  
  72  7:09  Marine  
  72  7:14  Marine x3  
  76  7:16  SCV  
  76  7:17  SCV  
  78  7:28  SCV  
  78  7:29  SCV  
  80  7:31  Orbital Command  
  78  7:43  Marine x4  
  78  7:44  Marine, Siege Tank  
  83  7:49  Refinery  
  86  7:55  Barracks Reactor, Barracks  
  86  7:56  SCV x3  
  89  8:03  Marine x4  
  93  8:12  Supply Depot x2  
  93  8:14  Supply Depot  
  93  8:33  SCV x3  
Tags
 
Add a new tag
Caveats
  • Supply blocks, unpowered buildings, or Contaminate may cause inaccurate times.
  • Supply counts are checked every 10 seconds.